 Dungeon Crawl Stone Soup version 0.19-a0-1111-gcceb26a (webtiles) character file.

1276 epen the Insei (level 8, -3/55 HPs)
             Began as an Octopode Monk on Aug 10, 2016.
             Was an Initiate of Ru.
             Killed from afar by a white imp (10 damage)
             ... with a puff of frost
             ... summoned by Eustachio
             ... on level 4 of the Dungeon.
             The game lasted 00:11:20 (6345 turns).

epen the Insei (Octopode Monk)                      Turns: 6345, Time: 00:11:21

Health: -3/55      AC:  1    Str: 10    XL:     8   Next: 54%
Magic:  10/10      EV: 17    Int: 13    God:    Ru [......]
Gold:   253        SH:  0    Dex: 16    Spells: 0 memorised, 7 levels left

rFire  . . .     SeeInvis .       - Unarmed
rCold  . . .     Gourm    .     (no shield)
rNeg   . . .     Faith    .     (helmet restricted)
rPois  .         Spirit   .     (no amulet)
rElec  +         Dismiss  .     l - ring of resist corrosion
rCorr  +         Reflect  .     (no ring)
SustAt .         Harm     .     (no ring)
MR     .....                    (no ring)
Stlth  ++++......               (no ring)
                                (no ring)
                                (no ring)
                                (no ring)

@:
A: almost no armour, amphibious, 8 rings, constrict 8, camouflage 1, electricity
resistance, gelatinous body 1
a: Renounce Religion


You were on level 4 of the Dungeon.
You worshipped Ru.
Ru was noncommittal.
You were not hungry.

You visited 2 branches of the dungeon, and saw 6 of its levels.
You also visited: Sewer and Ossuary.

You collected 253 gold pieces.

Inventory:

Missiles
 h - a throwing net (quivered)
Jewellery
 l - a ring of resist corrosion (left tentacle)
Wands
 j - a wand of enslavement (8/24)
 v - a wand of paralysis (16/24)
Scrolls
 c - 2 scrolls of teleportation
 g - 2 scrolls of blinking
 o - 2 scrolls of remove curse
Potions
 d - a potion of ambrosia
 e - 3 potions of curing
 f - a potion of degeneration {unknown}
 k - 6 potions of flight
 p - 2 potions of haste
 r - 3 potions of brilliance
 s - a potion of might
 x - a potion of berserk rage
 z - 2 potions of agility
 A - a potion of invisibility
Books
 i - a book of Death

   Spells                             Type                      Level
   a - Corpse Rot                     Necromancy                   2
   b - Sublimation of Blood           Necromancy                   2
   c - Agony                          Necromancy                   5
   d - Dispel Undead                  Necromancy                   5
   e - Excruciating Wounds            Charms/Necromancy            5
   f - Bolt of Draining               Conjuration/Necromancy       5
Comestibles
 a - 4 bread rations
 m - 3 fruits
 t - 2 meat rations
 u - a beef jerky


   Skills:
 + Level 5.0 Fighting
 * Level 6.1 Dodging
 - Level 5.3 Stealth
 * Level 6.5 Unarmed Combat
 + Level 3.2 Evocations


You had 7 spell levels left.
You didn't know any spells.

Dungeon Overview and Level Annotations

Branches:
Dungeon (5/15)             Temple (1/1) D:4

Altars:
Cheibriados
Dithmenos
Elyvilon
Fedhas
Gozag
Hepliaklqana
Kikubaaqudgha
Makhleb
Nemelex Xobeh
Pakellas
Qazlal
Ru
Sif Muna
Trog
Uskayaw
Vehumet
Zin
The Shining One

Annotations:
D:4 Eustachio


Innate Abilities, Weirdness & Mutations

You cannot wear most types of armour.
You are amphibious.
You can wear up to eight rings at the same time.
You can use your tentacles to constrict eight enemies at once.
Your skin changes colour to match your surroundings (Stealth+).
Your rubbery body absorbs attacks. (AC +1, EV +1)
You are resistant to electric shocks. (rElec)


Message History

Eustachio blinks!
The white imp gestures at you. The puff of frost hits you!
* * * LOW HITPOINT WARNING * * *
Eustachio casts a spell.
Eustachio blinks!
Unknown command.
You feel better.
You tentacle-slap the white imp but do no damage.
You grab the white imp.
You constrict the white imp, but do no damage.
The white imp gestures at you. The puff of frost hits you!
* * * LOW HITPOINT WARNING * * *
You bludgeon the white imp!
The white imp is severely wounded.
You constrict the white imp. The white imp gestures at you.
The puff of frost hits you!
You die...

........#####..........#.........
........# #......###.<.........
........#####.......##...........
........#....................÷(..
..........###....................
....#.........)>...###........#.#
.....#....†.#................##≈#
.........<..#......####......#≈÷≈
.........#...##5@..# #.#....#≈≈≈
.........##...#....## #..#...##≈#
.......#.###.....§..####.#...##≈#
......##..#....#...........#..#≈#
...... ##..................####≈#
.....# #.....#@..........## #≈≈≈
. ..O. #..................###≈≈≈
##..# .........###.###......##≈#
#..# #.........# #..w.....##.###


You could see Eustachio and a white imp.

Vanquished Creatures
  3 ogres
  A big kobold (Sewer)
  2 water moccasin zombies (Ossuary)
  A howler monkey (D:5)
  5 hounds
  An orc priest (D:5)
  3 gnoll shamans (D:5)
  An iguana (D:5)
  Natasha (D:2)
  A worker ant (D:4)
  2 mummies (Ossuary)
  11 adders
  18 gnolls (D:5)
  2 river rats (Sewer)
  2 shadow imps (D:4)
  2 adder zombies (Ossuary)
  6 worms
  A dart slug (D:2)
  3 giant geckos
  7 orcs
  2 ball pythons (D:1)
  6 bats
  A giant cockroach (D:4)
  7 goblins
  6 hobgoblins
  17 jackals
  A giant gecko skeleton (D:4)
  2 giant newts
  3 gnoll zombies (Ossuary)
  4 hobgoblin zombies (Ossuary)
  5 kobolds
  3 kobold zombies (Ossuary)
  7 orc zombies (Ossuary)
  10 rats
147 creatures vanquished.

Notes
Turn   | Place    | Note
-------+----------+-------------------------------------------
     0 | D:1      | epen the Octopode Monk began the quest for the Orb.
     0 | D:1      | Reached XP level 1. HP: 16/16 MP: 1/1
   196 | D:1      | Reached XP level 2. HP: 18/21 MP: 2/2
   923 | D:2      | Reached XP level 3. HP: 26/26 MP: 3/3
  1339 | D:2      | Reached XP level 4. HP: 14/31 MP: 4/4
  1842 | D:2      | Noticed Natasha
  1851 | D:2      | Killed Natasha
  2132 | D:3      | Reached XP level 5. HP: 36/36 MP: 5/5
  2391 | D:2      | Found an opulent altar of Gozag.
  2834 | D:4      | Found a staircase to the Ecumenical Temple.
  2861 | Temple   | Entered the Ecumenical Temple
  2998 | Temple   | Became a worshipper of Ru the Awakened
  3086 | D:4      | Found a stormy altar of Qazlal.
  3145 | D:4      | Reached XP level 6. HP: 17/43 MP: 6/6
  3156 | D:4      | Reached skill level 5 in Stealth
  3160 | D:4      | HP: 2/43 [worm (7)]
  3208 | D:4      | Found a glowing drain.
  3216 | Sewer    | Entered a sewer
  3551 | Sewer    | Reached skill level 5 in Unarmed Combat
  3572 | Sewer    | Found a white marble altar of Elyvilon.
  3646 | D:4      | Noticed a phantom
  3716 | D:5      | Entered Level 5 of the Dungeon
  3848 | D:5      | Found a sand-covered staircase.
  3873 | Ossuary  | Entered an ossuary
  4103 | Ossuary  | Reached XP level 7. HP: 46/48 MP: 7/7
  4842 | Ossuary  | Gained mutation: You are resistant to electric shocks. (rElec) [potion of beneficial mutation]
  4943 | D:5      | Reached skill level 1 in Evocations
  5152 | D:4      | Noticed Eustachio
  5251 | D:5      | Reached skill level 5 in Dodging
  5616 | D:5      | Reached XP level 8. HP: 49/54 MP: 9/9
  5677 | D:5      | Found a glowing silver altar of Zin.
  6331 | D:4      | Reached skill level 5 in Fighting
  6345 | D:4      | Killed from afar by a white imp

Vault maps used:
D:1:      lemuel_arrival_river_passageway, minmay_shallow_snake_nest
D:2:      lemuel_upstairs_altar, first_bread, uniq_natasha
D:4:      gup_sewer_entry_bubbles, nicolae_qazlal_eye_of_the_storm,
          uniq_eustachio, uniq_grinder, uniq_menkaure
D:5:      lemuel_castle_with_subvaults, old_standard_altar,
          nicolae_ossuary_entry_false_entrances
Temple:   roderic_octagonal_lattice_temple
Sewer:    sewer_kobolds
Ossuary:  ossuary_tomb_2

Skill      XL: |  1  2  3  4  5  6  7  8 |
---------------+-------------------------+-----
Stealth        | 3 4 5 |  5.3
Unarmed Combat | 4 5 6 |  6.5
Dodging        | 4 5 6 |  6.1
Fighting       | 4 5 |  5.0
Evocations     | 2 3 |  3.2

Action                   |  1- 3 |  4- 6 |  7- 9 || total
-------------------------+-------+-------+-------++-------
Melee: Unarmed           |    60 |   162 |   211 ||   433
       Constrict         |    13 |    40 |    58 ||   111
       Tentacles         |    10 |    29 |    52 ||    91
       Punch             |     2 |     4 |     7 ||    13
Throw: Throwing net      |       |       |     1 ||     1
Invok: Reject Sacrifices |       |     1 |       ||     1
Evoke: Wand              |       |       |     3 ||     3
  Use: Potion            |       |     2 |     3 ||     5
       Scroll            |       |       |    17 ||    17
 Stab: Sleeping          |    12 |    14 |     8 ||    34
       Paralysed         |       |       |    10 ||    10
       Distracted        |       |       |     1 ||     1
  Eat: Chunk             |     1 |     7 |     4 ||    12
       Meat ration       |       |     1 |       ||     1
Armor: Skin              |     5 |     8 |     5 ||    18
Dodge: Dodged            |    32 |    96 |   127 ||   255
